 Dungeon Crawl Stone Soup version 0.31-a0-161-gb58dd9be76 (webtiles) character file.

Game seed: 48663854538222721

111 qw the Chopper (level 4, 0/28 HPs)
             Began as a Gargoyle Fighter on June 12, 2023.
             Slain by an orc priest
             ... wielding a +0 whip
              (2 damage)
             ... on level 4 of the Dungeon.
             The game lasted 00:01:20 (2207 turns).

qw the Chopper (Gargoyle Fighter)                   Turns: 2207, Time: 00:01:20

Health: 0/28       AC: 11    Str: 22    XL:     4   Next: 92%
Magic:  4/4        EV:  9    Int:  8    God:
Gold:   95         SH:  4    Dex:  9    Spells: 3/3 levels left

rFire   . . .        Y - +0 war axe
rCold   . . .        c - +0 buckler
rNeg    + . .        b - +0 scale mail
rPois   inf          e - +0 helmet
rElec   +            (no cloak)
rCorr   .            (no gloves)
SInv    .            (no boots)
Will    .....        (no amulet) Stlth
                     (no ring)
HPRegen 0.24/turn    (no ring)
MPRegen 0.09/turn

%: no passive effects
@: no status effects
A: sickness immunity, AC +3, negative energy resistance 1, electricity
resistance, torment resistance 1, petrification resistance
a: no special abilities


You were on level 4 of the Dungeon.
You visited 1 branch of the dungeon, and saw 4 of its levels.

You collected 95 gold pieces.


Innate Abilities, Weirdness & Mutations

You are immune to sickness and miasma.
Your stone body is resilient. (AC +3)
You are immune to poison.
You resist negative energy. (rN+)
You are resistant to electric shocks. (rElec)
You are resistant to unholy torment.
You are immune to petrification.


   Skills:
 - Level 3.2 Fighting
 + Level 4.5 Axes
 - Level 3.2 Armour
 - Level 3.2 Shields


You had 3 spell levels left.
You didn't know any spells.
Your spell library was empty.

Inventory:

Hand Weapons
 j - a +2 vampiric whip
 l - a +0 mace
 Y - a +0 war axe (weapon)
Armour
 b - a +0 scale mail (worn)
 c - a +0 buckler (worn)
 e - a +0 helmet (worn)
Scrolls
 a - a scroll of amnesia {unknown}
Potions
 d - a potion of might
 f - a potion of resistance {unknown}
 g - a potion of lignification {unknown}
 h - a potion of mutation {unknown}
 i - 3 potions of curing
 k - a potion of haste
 m - a potion of magic {unknown}

Dungeon Overview and Level Annotations

Branches:
Dungeon (4/15)
 Temple: D:4-7

Altars:


Message History

The orc hits you but does no damage.
You closely miss the orc.
The orc is heavily wounded.
The orc closely misses you.
You barely miss the orc.
The orc is heavily wounded.
The orc priest mumbles some strange prayers to Beogh against you.
Beogh smites you!
Ouch! That really hurt!
The orc barely misses you. The orc closely misses you.
You barely miss the orc.
The orc is heavily wounded.
The orc closely misses you.
You slash the orc!
You kill the orc!
The orc priest invokes the aid of Beogh against you.
Beogh smites you!
Found 8 gold pieces.
You block the orc priest's attack.
Things that are here:
a +0 hand axe; a +0 mace; an orc corpse
Enter note:
Enter note:
Enter note: You barely miss the orc priest.
The orc priest hits you but does no damage.
You hit the orc priest.
The orc priest is moderately wounded.
The orc priest invokes the aid of Beogh against you.
You barely resist. The orc priest hits you with a +0 whip.
You barely miss the orc priest.
The orc priest is moderately wounded.
The orc priest hits you but does no damage.
You closely miss the orc priest.
The orc priest is moderately wounded.
The orc priest hits you but does no damage.
You hit the orc priest.
The orc priest is severely wounded.
The orc priest hits you with a +0 whip.
You die...

#.#......#.#########
#.#..##...[.........
+...#.#.............
#.##.^........#####
#.##.########.#
#.......#####.###
#...#...........#
...##.#.#####.#.###.##.#
..###.#.# #.#.@o.....#
### #.#.# #...........
### #.#.# #.....###.####
..# #...# #.#.#.# # #.#
#.### # #>#.# .# #.#
#.... # #.# # #.<
#.##### #$ #......


You could see an orc priest.

Vanquished Creatures
  4 adders
  A worm (D:2)
  2 dart slugs (D:3)
  4 orcs (D:4)
  5 bats
  6 endoplasms
  5 giant cockroaches
  4 goblins
  6 hobgoblins
  2 jackals (D:1)
  7 kobolds
  3 quokkas
  5 ball pythons
  2 frilled lizards (D:1)
  3 rats
59 creatures vanquished.

Notes
Turn   | Place    | Note
-------+----------+-------------------------------------------
     0 | D:1      | qw the Gargoyle Fighter began the quest for the Orb.
     0 | D:1      | Reached XP level 1. HP: 14/14 MP: 1/1
     0 | D:1      | 0 ||| qw: Version: 0.2-a-29-gc1b59c4
     0 | D:1      | 0 ||| qw: Game counter: 4213
     0 | D:1      | 0 ||| qw: Always use a shield: true
     0 | D:1      | 0 ||| qw: God list: Okawaru
     0 | D:1      | 0 ||| qw: Allow faded altars: false
     0 | D:1      | 0 ||| qw: Do Orc after D:15 true
     0 | D:1      | 0 ||| qw: Do second Lair branch before Depths: true
     0 | D:1      | 0 ||| qw: Lair rune preference: random
     0 | D:1      | 0 ||| qw: Plans: Normal, Zot:1-4, Slime:5, God:TSO, Crypt,
                  | Tomb, Abyss, Pan, Hells, Win
     0 | D:1      | 0 ||| PLANNING D:1-11
    39 | D:1      | Reached skill level 2 in Axes
   107 | D:1      | 107 ||| Stepping ~*~*~tactically~*~*~ (stealth).
   108 | D:1      | 108 ||| Stepping ~*~*~tactically~*~*~ (stealth).
   112 | D:1      | Reached XP level 2. HP: 19/19 MP: 2/2
   284 | D:1      | 284 ||| Stepping ~*~*~tactically~*~*~ (stealth).
   496 | D:1      | Reached skill level 3 in Axes
   554 | D:1      | Reached XP level 3. HP: 20/23 MP: 3/3
   818 | D:1      | 818 ||| READING scroll labelled TAISMI ZUYDI.
   822 | D:1      | 822 ||| DRINKING 2 smoky pink potions.
   823 | D:1      | 823 ||| DRINKING 3 lumpy golden potions.
   824 | D:1      | 824 ||| DROPPING potion of enlightenment.
   932 | D:2      | 932 ||| Stepping ~*~*~tactically~*~*~ (stealth).
  1069 | D:2      | 1069 ||| Stepping ~*~*~tactically~*~*~ (stealth).
  1071 | D:2      | 1071 ||| Stepping ~*~*~tactically~*~*~ (stealth).
  1079 | D:2      | 1079 ||| Stepping ~*~*~tactically~*~*~ (stealth).
  1089 | D:2      | Reached XP level 4. HP: 28/28 MP: 4/4
  1130 | D:2      | 1130 ||| Stepping ~*~*~tactically~*~*~ (hiding).
  1241 | D:2      | 1241 ||| DROPPING +0 club.
  1424 | D:2      | 1424 ||| DROPPING +0 whip.
  1532 | D:2      | 1532 ||| UPGRADING to +0 helmet.
  1537 | D:2      | 1537 ||| READING scroll labelled ECOMONOSKU.
  1538 | D:2      | 1538 ||| READING scroll labelled XEICZUD ORHEUKH.
  1568 | D:3      | 1568 ||| Stepping ~*~*~tactically~*~*~ (stealth).
  1569 | D:3      | 1569 ||| Stepping ~*~*~tactically~*~*~ (stealth).
  1575 | D:3      | Reached skill level 4 in Axes
  1745 | D:3      | 1745 ||| Stepping ~*~*~tactically~*~*~ (stealth).
  1746 | D:3      | 1746 ||| Stepping ~*~*~tactically~*~*~ (stealth).
  1748 | D:3      | 1748 ||| Stepping ~*~*~tactically~*~*~ (stealth).
  1826 | D:3      | 1826 ||| Stepping ~*~*~tactically~*~*~ (hiding).
  1996 | D:3      | 1996 ||| DROPPING +1 hat.
  1997 | D:3      | 1997 ||| READING scroll labelled MUNUPH GESSI.
  1998 | D:3      | 1998 ||| READING scroll labelled BOEPPITOEKK.
  1999 | D:3      | 1999 ||| READING scroll labelled NEJUNUXT BISA.
  2000 | D:3      | 2000 ||| DRINKING 2 fuming ruby potions.
  2155 | D:4      | 2155 ||| Stepping ~*~*~tactically~*~*~ (stealth).
  2201 | D:4      | HP: 1/28 [orc priest/divine providence (9)]
  2207 | D:4      | Slain by an orc priest

Levels and vault maps discovered:
D:1:      ncdulo_lavacross, layout_basic, grunt_decor_one_mirror
D:2:      layout_rooms, ebering_dispersal_statue_hall
D:3:      layout_basic, minmay_statues_item, minmay_misc_feat_chi,
          dreamdust_mushroom_princess
D:4:      layout_loops_ring, mainiacjoe_overflow_cross_hatched,
          minmay_quadrilaterals

Skill      XL: |  1  2  3  4 |
---------------+-------------+-----
Axes           | 2 3 4 |  4.5
Fighting       | |  3.2
Armour         | |  3.2
Shields        | |  3.2

Action                     |  1- 3 |  4- 6 || total
---------------------------+-------+-------++-------
  Melee: War axe           |    80 |   118 ||   198
    Use: Potion            |     2 |     1 ||     3
         Scroll            |     1 |     5 ||     6
 Armour: Scale mail        |    33 |    69 ||   102
  Dodge: Dodged            |    44 |    52 ||    96
  Block: Buckler           |    16 |    20 ||    36

Table legend:
 A = Non-vault XP
 B = Vault XP
 C = Vault XP percentage of total XP
 D = Non-vault monster count
 E = Vault monster count
 F = Vault count percentage of total count
                 A         B        C        D         E       F
            +---------+---------+-------+---------+---------+-------
      Total |     159 |       0 |   0.0 |      59 |       0 |   0.0
            +---------+---------+-------+---------+---------+-------
        D:1 |      34 |       0 |   0.0 |      21 |       0 |   0.0
        D:2 |      64 |       0 |   0.0 |      16 |       0 |   0.0
        D:3 |      44 |       0 |   0.0 |      15 |       0 |   0.0
        D:4 |      17 |       0 |   0.0 |       7 |       0 |   0.0
            +---------+---------+-------+---------+---------+-------
